 Dungeon Crawl Stone Soup version 0.31.0-32-g396128a36d (console) character file.

Game seed: 12306397547746172454

34 utis the Grave Robber (level 3, -5/26 HPs)
             Began as a Demigod Necromancer on Apr 5, 2024.
             Killed by divine providence
             ... invoked by an orc priest
              (11 damage)
             ... on level 2 of the Dungeon.
             The game lasted 00:04:36 (1409 turns).

utis the Grave Robber (Demigod Necromancer)         Turns: 1409, Time: 00:04:38

Health: -5/26      AC:  2    Str:  9    XL:     3   Next: 1%
Magic:  1/8        EV: 12    Int: 21    God:
Gold:   34         SH:  0    Dex: 14    Spells: 4/5 levels left

rFire   . . .        h - +0 dagger
rCold   . . .        (no shield)
rNeg    . . .        a - +0 robe
rPois   .            (no helmet)
rElec   .            (no cloak)
rCorr   .            (no gloves)
SInv    .            (no boots)
Will    .....        (no amulet)
Stlth   ++           (no ring)
HPRegen 0.24/turn    (no ring)
MPRegen 0.11/turn

%: no passive effects
@: no status effects
A: high MP 1, forlorn, divine attributes
a: no special abilities


You were on level 2 of the Dungeon.
You visited 1 branch of the dungeon, and saw 2 of its levels.

You collected 34 gold pieces.

Inventory:

Hand Weapons
 h - a +0 dagger (weapon)
 l - a +0 short sword
Missiles
 d - 5 stones
 m - 2 poisoned darts
Armour
 a - a +0 robe (worn)
Scrolls
 e - a scroll of teleportation {unknown}
 g - a scroll of identify {unknown}
 i - a scroll of noise {unknown}
 j - a scroll of poison {unknown}
 k - a scroll of butterflies {unknown}
Potions
 b - a potion of magic
 c - 2 potions of attraction {unknown}
 f - 2 potions of curing {unknown}
 n - a potion of mutation {unknown}


   Skills:
 - Level 1.7 Dodging
 - Level 1.7 Stealth
 - Level 1.7 Spellcasting
 + Level 4.6 Necromancy


You had 4 spell levels left.
You knew the following spells:

 Your Spells              Type           Power      Damage    Failure   Level
Y - Necrotise             Necr           84%        1d8       2%          1

Your spell library contained the following spells:

 Spells                   Type           Power      Damage    Failure   Level
 Vampiric Draining        Necr           21%        2d7       7%          3
 Animate Dead             Necr           21%        N/A       22%         4
 Curse of Agony           Necr           21%        N/A       54%         5


Dungeon Overview and Level Annotations

Branches:
Dungeon (2/15)

Shops:
D:1 [   D:2 :


Innate Abilities, Weirdness & Mutations

You have an increased reservoir of magic. (+10% MP)
You shall have no god before yourself.
Your divine heritage dramatically boosts your attributes as you level up.


Message History

The endoplasm quivers.
You hear a shout! x3; You hear a loud squeak.
The orc priest calls down the wrath of Beogh upon you.
Pain shoots through your body!
Aiming: Necrotise (safe; 3% risk of failure)
Press: ? - help, Q - select action, (/) - cycle Shift-Dir - straight line, f/p - orc priest
Aim: an orc priest, wielding a +0 dagger and wearing a +0 scale mail (moderately wounded, chance to affect: 75%)
The orc priest struggles to resist.
An orc comes into view. It is wielding a +0 hand axe.
The orc priest looks satisfied for a moment.
Aiming: Necrotise (safe; 3% risk of failure)
Press: ? - help, Q - select action, (/) - cycle Shift-Dir - straight line, f/p - orc priest
Aim: an orc priest, wielding a +0 dagger and wearing a +0 scale mail (moderately wounded, chance to affect: 75%)
The orc priest writhes in agony.
Aiming: Necrotise (safe; 3% risk of failure)
Press: ? - help, Q - select action, (/) - cycle Shift-Dir - straight line, f/p - orc priest
Aim: an orc priest, wielding a +0 dagger and wearing a +0 scale mail (heavily wounded, chance to affect: 75%)
The orc writhes in agony!
You kill the orc!
You have reached level 3!
Your experience leads to a dramatic increase in your attributes!
Increase (S)trength, (I)ntelligence, or (D)exterity?
You feel clever. x4
Aiming: Necrotise (safe; 2% risk of failure)
Press: ? - help, Q - select action, (/) - cycle Shift-Dir - straight line, f/p - orc priest
Aim: an orc priest, wielding a +0 dagger and wearing a +0 scale mail (heavily wounded, chance to affect: 80%)
The orc priest writhes in agony.
* * * LOW MAGIC WARNING * * *
The orc priest calls down the wrath of Beogh upon you.
Beogh smites you!
* * * LOW HITPOINT WARNING * * *
Aiming: Necrotise (safe; 2% risk of failure)
Press: ? - help, Q - select action, (/) - cycle Shift-Dir - straight line, f/p - orc priest
Aim: an orc priest, wielding a +0 dagger and wearing a +0 scale mail (almost dead, chance to affect: 80%)
The orc priest writhes in agony.
* * * LOW MAGIC WARNING * * *
Something hits your orc skeleton.
The orc priest calls down the wrath of Beogh upon you.
Beogh smites you!
You die...

.........░░............░
..........<.░░░░░░.░░░░░
░.........░░░░░░░░.░░░
░.........░░░░.......░
░....................░
░.....<..░░░░░.......░
░........░ ░.......░
.........░ ░.......░
...░░░..░░░ ░.......░
.░░░░░....░░░░.......░
░...p.............░
░...░.░░..░░░.......░
... ░. ░░..░░░░░░░░.░ ░
░o ░░... .░ ░Z .░..░ ░
░░ .░░... .░ ░░.░ .. ░
░.


You could see an orc priest (ally target) and a friendly orc skeleton.

Vanquished Creatures
  An adder (D:2)
  An orc (D:2)
  A bat (D:1)
  3 goblins (D:1)
  2 hobgoblins (D:1)
  3 quokkas
  3 ball pythons (D:1)
  A frilled lizard (D:1)
  A kobold (D:2)
  3 rats (D:1)
19 creatures vanquished.

Vanquished Creatures (collateral kills)
  An endoplasm (D:2)
  A goblin (D:1)
  A hobgoblin (D:1)
3 creatures vanquished.

Grand Total: 22 creatures vanquished

Notes
Turn   | Place    | Note
-------+----------+-------------------------------------------
     0 | D:1      | utis the Demigod Necromancer began the quest for the Orb.
     0 | D:1      | Reached XP level 1. HP: 14/14 MP: 5/5
   320 | D:1      | Reached skill level 4 in Necromancy
   453 | D:1      | Reached XP level 2. HP: 20/20 MP: 2/7
   652 | D:1      | Found Ywaydure's Antique Armour Shoppe.
  1262 | D:2      | Found Pel Vomu's Book Boutique.
  1408 | D:2      | Reached XP level 3. HP: 15/26 MP: 3/8
  1409 | D:2      | Killed from afar by an orc priest

Illustrated notes

Levels and vault maps discovered:
D:1:      dpeg_arrival_ternary, layout_basic, serial_shops, shop,
          chequers_serial_rivers_small_3
D:2:      layout_rooms, serial_shops, nicolae_book_shop_shelving,
          hangedman_decor_clover_reticule

Skill      XL: |  1 |
---------------+----+-----
Necromancy     | 4 |  4.6
Dodging        | |  1.7
Stealth        | |  1.7
Spellcasting   | |  1.7

Action                     || total
---------------------------++-------
  Throw: Stone             ||     7
         Dart              ||     3
   Cast: Necrotise         ||    44
 Armour: Robe              ||     4
  Dodge: Dodged            ||     8
